 Dungeon Crawl Stone Soup version 0.21.1-1-g345015fe64 (webtiles) character file.

42 Ivernyr the Bolt Thrower (level 3, 0/20 HPs)
             Began as a Kobold Arcane Marksman on May 30, 2018.
             Slain by a goblin (3 damage)
             ... led by Robin
             ... on level 2 of the Dungeon.
             The game lasted 00:05:31 (2057 turns).

Ivernyr the Bolt Thrower (Kobold Arcane Marksman)   Turns: 2057, Time: 00:05:32

Health: 0/20       AC:  2    Str:  7    XL:     3   Next: 77%
Magic:  4/4        EV: 16    Int: 14    God:
Gold:   162        SH:  0    Dex: 16    Spells: 3/4 levels left

rFire    + . .     SeeInvis .   b - -1 rapier (curse)
rCold    + . .     Gourm    .   (shield restricted)
rNeg     . . .     Faith    .   e - +0 robe
rPois    .         Spirit   .   (no helmet)
rElec    .         Reflect  .   g - scarf {rC+ rF+}
rCorr    .         Harm     .   (no gloves)
MR       .....                  (no boots)
Stlth    +.........             (no amulet)
HPRegen  0.06/turn              (no ring)
MPRegen  0.09/turn              (no ring)

@: no status effects
A: small, carnivore
a: no special abilities


You were on level 2 of the Dungeon.
You were hungry.

You visited 1 branch of the dungeon, and saw 2 of its levels.

You collected 162 gold pieces.

Inventory:

Hand Weapons
 a - a +0 hand crossbow
 b - a cursed -1 rapier (weapon)
Missiles
 d - 20 bolts
Armour
 e - a +0 robe (worn)
 g - a scarf of resistance (worn)
Scrolls
 i - a scroll of teleportation {unknown}
 j - a scroll of blinking {unknown}
 k - a scroll of identify {unknown}
Potions
 h - a potion of heal wounds {unknown}
 l - a potion of resistance {unknown}
 m - 2 potions of curing {unknown}
Books
 c - a book of Debilitation

   Spells                             Type                      Level
   a - Corona                         Hexes                        1
   b - Slow                           Hexes                        2
   c - Inner Flame                    Hexes/Fire                   3
   d - Portal Projectile              Hexes/Translocation          3
   e - Cause Fear                     Hexes                        4
   f - Leda's Liquefaction            Hexes/Earth                  4
Comestibles
 f - 4 rations


   Skills:
 - Level 1.1 Fighting
 + Level 1.7 Short Blades
 * Level 3.7 Crossbows
 + Level 3.0 Dodging
 - Level 1.1 Spellcasting
 - Level 3.0 Hexes


You had 3 spell levels left.
You knew the following spells:

 Your Spells              Type           Power        Failure   Level  Hunger
a - Corona                Hex            #......      8%          1    ##.....


Dungeon Overview and Level Annotations

Branches:
Dungeon (2/15)

Altars:
Fedhas
Kikubaaqudgha

Annotations:
D:2 Robin


Innate Abilities, Weirdness & Mutations

You are small and have problems with some larger weapons.
You are carnivorous and can eat meat at any time.


Message History

The goblin shouts!
You hit the goblin but do no damage.
You hear a shout!
The goblin hits you with a club!
A hobgoblin comes into view. It is wielding a club.
You hit the goblin.
You kill the goblin!
Robin throws the goblin at you! The goblin barely misses you.
You miss the goblin. The goblin closely misses you. The goblin misses you.
A goblin comes into view.
You hit the goblin.
The goblin is severely wounded.
The goblin barely misses you. The goblin hits you.
* * * LOW HITPOINT WARNING * * *
You barely miss the goblin.
The goblin is severely wounded.
The goblin hits you.
* * * LOW HITPOINT WARNING * * *
The goblin hits you.
You die...

............'...................>
............####.#######....#.###
............# #.# #.####.###
............# #.# ####.####....
##..........# #.# #..........##
#..........# #.# #..........##
##########.# #(# #..........##
#.# #g# #..........## #.# #@#
############# .. #g# #g# #g# #g#
#g# #># #.#


You could see Robin, 2 hobgoblins and 3 goblins.

Vanquished Creatures
  A worm (D:2)
  A dart slug (D:1)
  5 giant cockroaches
  6 goblins
  2 hobgoblins (D:1)
  8 bats
  A frilled lizard (D:2)
  7 kobolds (D:1)
  2 rats
  A fungus (D:1)
34 creatures vanquished.

Notes
Turn   | Place    | Note
-------+----------+-------------------------------------------
     0 | D:1      | Ivernyr the Kobold Arcane Marksman began the quest for the Orb.
     0 | D:1      | Reached XP level 1. HP: 12/12 MP: 2/2
   239 | D:1      | Reached XP level 2. HP: 16/16 MP: 3/3
   402 | D:1      | Reached skill level 1 in Short Blades
  1069 | D:1      | Reached XP level 3. HP: 16/20 MP: 4/4
  1666 | D:2      | Found an ancient bone altar of Kikubaaqudgha.
  1667 | D:2      | Found a blossoming altar of Fedhas.
  2046 | D:2      | Noticed Robin
  2057 | D:2      | Slain by a goblin

Skill      XL: |  1  2  3 |
---------------+----------+-----
Crossbows      | 3 |  3.7
Short Blades   | 1 |  1.7
Dodging        | 3 |  3.0
Fighting       | |  1.1
Spellcasting   | |  1.1
Hexes          | |  3.0

Action                   || total
-------------------------++-------
Melee: Short sword       ||   130
       Unarmed           ||     9
       Rapier            ||    28
 Stab: Sleeping          ||     2
  Eat: Chunk             ||     3
Armor: Robe              ||    31
Dodge: Dodged            ||   134
